 Dungeon Crawl Stone Soup version 0.18-a0-1577-gf591c28 (webtiles) character file.

70 poirepourri the Chiller (level 4, 0/30 HPs)
             Began as a Merfolk Ice Elementalist on Mar 18, 2016.
             Slain by Sigmund
             ... wielding a +0 scythe
              (1 damage)
             ... on level 2 of the Dungeon.
             The game lasted 00:06:38 (4654 turns).

poirepourri the Chiller (Merfolk Ice Elementalist)  Turns: 4654, Time: 00:06:39

Health: 0/30       AC:  7    Str:  8    XL:     4   Next: 22%
Magic:  15/17      EV: 13    Int: 14    God:
Gold:   137        SH:  0    Dex: 15    Spells: 3 memorised, 2 levels left

rFire  . . .     SeeInvis .     (no weapon)
rCold  . . .     Gourm    .     a - +0 robe
rNeg   . . .     Faith    .     (no shield)
rPois  .         Spirit   .     (no helmet)
rElec  .         Dismiss  .     (no cloak)
rCorr  .         Reflect  .     (no gloves)
SustAt .         Harm     .     (no boots)
MR     .....                    i - amulet of magic regeneration
Stlth  ++........               (no ring)
                                e - ring of magical power

@: icy armour, about to teleport, slow, not resistant to hostile enchantments,
unstealthy
A: change form in water, swift swim
a: no special abilities


You were on level 2 of the Dungeon.
You were near starving.

You visited 1 branch of the dungeon, and saw 3 of its levels.

You collected 137 gold pieces.

Inventory:

Armour
 a - a +0 robe (worn)
Jewellery
 e - a ring of magical power (left hand)
 i - an amulet of magic regeneration (around neck)
Scrolls
 c - a scroll of remove curse
 j - a scroll of fog {unknown}
Potions
 d - 2 potions of might
 g - 2 potions of heal wounds {unknown}
 h - 2 potions of curing {unknown}
Books
 b - a book of Frost

   Spells                             Type                      Level
   a - Freeze                         Ice                          1
   b - Throw Frost                    Conjuration/Ice              2
   c - Ozocubu's Armour               Charms/Ice                   3
   d - Throw Icicle                   Conjuration/Ice              4
   e - Summon Ice Beast               Ice/Summoning                4


   Skills:
 + Level 3.1 Dodging
 + Level 2.6 Stealth
 + Level 2.9 Spellcasting
 + Level 0.8 Conjurations
 + Level 4.2 Ice Magic


You had 2 spell levels left.
You knew the following spells:

 Your Spells              Type           Power        Failure   Level  Hunger
a - Freeze                Ice            ##..         4%          1    #......
b - Throw Frost           Conj/Ice       #.....       14%         2    ##.....
c - Ozocubu's Armour      Chrm/Ice       #.......     30%         3    ###....


Dungeon Overview and Level Annotations

Branches:
Dungeon (3/15)

Altars:
Ashenzari
Cheibriados
Gozag
Okawaru
Xom

Annotations:
D:2 Sigmund


Message History

You bump into the rock wall.
Sigmund says, "Your kind have come here before.
I understand now why.
You desire death..."
Sigmund points at you and mumbles some strange words.
The magic dart hits you!
* * * LOW HITPOINT WARNING * * *
You bump into the rock wall.
You feel less confused.
You are near starving!
Sigmund casts a spell at you. The puff of flame hits you!
* * * LOW HITPOINT WARNING * * *
The heat melts your icy armour.
Read which item? (? for menu, Esc to quit)
None of your equipped items are cursed.
Read which item? (? for menu, Esc to quit)
None of your equipped items are cursed.
Read which item? (? for menu, Esc to quit)
As you read the scroll of teleportation, it crumbles to dust.
You feel strangely unstable. Sigmund hits you with a scythe.
You die...

.###.###.##.##.#.......#
#._..⌠.. .# #.#
#.##.##...###...#
#.......
)###'###.##.####.# #...#
##......
.....)...##.####.#
#.........._..
####.###..........
.....####.....
#.....#######.###.##.#
#..... #####.# #g# #.#
.# #.#### #.# #@# #.##.
#. #.# #@# #... .
#.#######.###..# #
#.#........##.)#.#
#.#(#####..##..#.# #.#.#
#........# #.#.#
#......### #.#.#
##..#.## ###.#.#
####.....# ## #...#.#
#.......#.# #.


You could see Sigmund and a goblin.

Vanquished Creatures
  3 worms (D:2)
  2 dart slugs
  A giant gecko (D:1)
  6 bats
  10 goblins
  6 hobgoblins (D:2)
  3 jackals
  10 kobolds
  4 ball pythons
  A giant newt (D:1)
  10 rats
56 creatures vanquished.

Notes
Turn   | Place    | Note
--------------------------------------------------------------
     0 | D:1      | poirepourri the Merfolk Ice Elementalist began the quest for the Orb.
     0 | D:1      | Reached XP level 1. HP: 13/13 MP: 3/3
   259 | D:1      | Reached XP level 2. HP: 19/19 MP: 1/5
   716 | D:1      | Learned a level 2 spell: Throw Frost
  1065 | D:1      | Reached skill level 4 in Ice Magic
  1577 | D:1      | Reached XP level 3. HP: 22/24 MP: 2/6
  1746 | D:2      | Found a snail-covered altar of Cheibriados.
  1747 | D:2      | Found a shimmering altar of Xom.
  1747 | D:2      | Found an opulent altar of Gozag.
  1748 | D:2      | Found a shattered altar of Ashenzari.
  2697 | D:2      | Learned a level 3 spell: Ozocubu's Armour
  3400 | D:2      | Reached XP level 4. HP: 26/30 MP: 8/8
  3444 | D:2      | Noticed Sigmund
  3501 | D:2      | Found an iron altar of Okawaru.
  4111 | D:2      | HP: 1/30 [something/puff of flame (4)]
  4653 | D:2      | HP: 1/30 [Sigmund/puff of flame (7)]
  4654 | D:2      | Slain by Sigmund

Vault maps used:
D:1:      dpeg_arrival_round_a, eino_curves_03, corner_web_ring
D:2:      lemuel_doored_altar, grunt_temple_overflow_open, st_stairs_1,
          uniq_sigmund
D:3:      lightli_temple_of_fire

Skill      XL: |  1  2 |
---------------+-------+-----
Dodging        | 3 |  3.1
Ice Magic      | 4 |  4.2
Stealth        | |  2.6
Spellcasting   | |  2.9
Conjurations   | |  0.8

Action                   |  1- 3 |  4- 6 || total
-------------------------+-------+-------++-------
Melee: Unarmed           |     5 |     2 ||     7
 Cast: Freeze            |    58 |    25 ||    83
       Throw Frost       |    33 |     6 ||    39
       Ozocubu's Armour  |     1 |     3 ||     4
  Use: Scroll            |     5 |     3 ||     8
  Eat: Bread ration      |     3 |       ||     3
       Chunk             |       |     1 ||     1
